Map: Dusk Towers

Players

ILLBdA - Winner!

  • Race: Protoss Protoss
  • League: Diamond

SsA

  • Race: Terran Terran
  • League: Diamond

VOD

Have the link to the VOD?

Description

Time

  • Played on: Dec. 14, 2015, 9:52 a.m.
  • Length: 5:36
Show
View Real Time Build Order
Export as new Build Order

ILLBdA Protoss - Winner!

Build Orders:  

Get SALT Encoding   

  12  0:01  Probe (Chrono Boost)  
  13  0:11  Probe (Chrono Boost)  
  14  0:18  Pylon  
  14  0:22  Probe (Chrono Boost)  
  15  0:39  Probe (Chrono Boost)  
  15  0:40  Pylon  
  16  0:49  Probe (Chrono Boost)  
  17  0:58  Gateway  
  17  1:00  Gateway  
  17  1:07  Assimilator  
  17  1:12  Probe (Chrono Boost)  
  18  1:22  Probe (Chrono Boost)  
  19  1:33  Probe (Chrono Boost), Gateway  
  20  1:46  Cybernetics Core  
  20  1:47  Zealot (Chrono Boost)  
  20  1:53  Zealot (Chrono Boost)  
  24  1:59  Pylon  
  24  2:12  Pylon  
  27  2:25  Stalker (Chrono Boost)  
  27  2:27  Stalker (Chrono Boost)  
  25  2:49  Stalker (Chrono Boost)  
  27  2:55  Stalker (Chrono Boost)  
  27  3:09  Stalker (Chrono Boost)  
  29  3:13  Assimilator  
  29  3:21  Pylon  
  29  3:22  Warp Gate  
  29  3:40  Adept (Chrono Boost)  
  31  3:50  Stalker (Chrono Boost)  
  33  4:00  Forge  
  33  4:16  Stalker (Chrono Boost)  
  37  4:20  Stalker (Chrono Boost)  
  35  4:34  Stalker (Chrono Boost)  
  35  4:43  Photon Cannon  
  35  4:48  Nexus  
  35  4:49  Pylon  
  35  4:59  Stalker (Chrono Boost)  
  37  5:01  Mothership Core  
  39  5:30  Stalker x2  
  39  5:33  Stalker  
Show
View Real Time Build Order
Export as new Build Order

SsA Terran 

Build Orders: Reaper Expand 

Get SALT Encoding   

  12  0:01  SCV  
  13  0:13  SCV  
  14  0:18  Supply Depot  
  14  0:25  SCV  
  14  0:28  Refinery  
  15  0:39  SCV  
  16  0:45  Barracks  
  16  0:54  SCV  
  17  1:06  SCV  
  18  1:18  SCV  
  19  1:31  Orbital Command  
  19  1:32  Reaper  
  20  1:47  Command Center  
  20  2:06  Marine  
  20  2:07  Factory  
  20  2:24  Reaper  
  17  2:56  Reaper  
  18  3:04  SCV  
  19  3:06  Widow Mine  
  21  3:18  SCV, Bunker  
  22  3:22  SCV  
  23  3:28  Marine  
  24  3:59  SCV  
  24  4:01  Widow Mine  
  27  4:07  Barracks  
  16  4:31  SCV  
  17  4:44  Factory Tech Lab  
  16  4:50  SCV  
  17  4:55  SCV  
  18  5:02  Supply Depot  
  18  5:04  Supply Depot  
  19  5:08  SCV  
Tags
 
Matchup
PvT
Replay Pack
me
Add a new tag
Caveats
  • Supply blocks, unpowered buildings, or Contaminate may cause inaccurate times.
  • Supply counts are checked every 10 seconds.